 Dungeon Crawl Stone Soup version 0.19.5 (webtiles) character file.

1124 RUZZLEFAZAZZLE the Skirmisher (level 8, -2/64 HPs)
             Began as a Human Fighter on Apr 27, 2017.
             Slain by a gnoll sergeant
             ... wielding a +5 spear
              (5 damage)
             ... on level 6 of the Dungeon.
             The game lasted 00:14:38 (5138 turns).

RUZZLEFAZAZZLE the Skirmisher (Human Fighter)       Turns: 5138, Time: 00:14:39

Health: -2/64      AC: 13    Str: 23    XL:     8   Next: 61%
Magic:  9/9        EV:  4    Int: 15    God:
Gold:   156        SH: 10    Dex: 12    Spells: 0 memorised, 7 levels left

rFire  . . .     SeeInvis .     a - +0 long sword
rCold  . . .     Gourm    .     i - +0 plate armour
rNeg   . . .     Faith    .     c - +0 shield
rPois  .         Spirit   .     (no helmet)
rElec  .         Reflect  .     (no cloak)
rCorr  .         Harm     .     (no gloves)
MR     .....                    l - +0 pair of boots
Stlth  ..........               (no amulet)
                                (no ring)
                                (no ring)

@: mighty, brilliant
A: no striking features
a: no special abilities


You were on level 6 of the Dungeon.
You were not hungry.

You visited 1 branch of the dungeon, and saw 6 of its levels.

You collected 156 gold pieces.

Inventory:

Hand Weapons
 a - a +0 long sword (weapon)
Armour
 c - a +0 shield (worn)
 i - a +0 plate armour (worn)
 l - a +0 pair of boots (worn)
Jewellery
 j - a -3 ring of slaying
 u - an uncursed ring of ice
Wands
 e - a wand of digging (3/24)
 n - a wand of teleportation (7/9)
 t - a wand of slowing (10/48)
Scrolls
 g - a scroll of remove curse
 k - 2 scrolls of immolation
 m - a scroll of amnesia {unknown}
 o - a scroll of enchant weapon {unknown}
 p - 2 scrolls of enchant armour {unknown}
 q - a scroll of identify
 s - 2 scrolls of blinking {unknown}
 v - 2 scrolls of teleportation {unknown}
Potions
 d - a potion of might
Books
 w - the Catalogue of Unstable Attacks
   (You found it on level 5 of the Dungeon)

   Spells                             Type                      Level
   a - Sticks to Snakes               Transmutation                2
   b - Throw Icicle                   Conjuration/Ice              4
   c - Iskenderun's Battlesphere      Conjuration/Charms           5
   d - Blade Hands                    Transmutation                5
Comestibles
 b - a chunk of flesh
 f - 4 bread rations
 r - a beef jerky


   Skills:
 * Level 5.7 Fighting
 * Level 5.3 Long Blades
 * Level 5.7 Armour
 + Level 4.4 Shields
 + Level 2.4 Evocations


You had 7 spell levels left.
You didn't know any spells.

Dungeon Overview and Level Annotations

Branches:
Dungeon (5/15)
 Temple: D:4-7

Altars:
Gozag

Shops:
D:5 *


Message History

The gnoll hits you from afar with a spear.
* * * LOW HITPOINT WARNING * * *
The gnoll hits you.
* * * LOW HITPOINT WARNING * * *
The gnoll hits you but does no damage.
The gnoll sergeant hits you but does no damage.
The gnoll hits you from afar with a spear.
* * * LOW HITPOINT WARNING * * *
Your plate armour prevents you from hitting the gnoll sergeant.
The gnoll sergeant is moderately wounded.
You block the gnoll's attack. x2; The gnoll hits you but does no damage.
You block the gnoll sergeant's attack.
The gnoll hits you from afar with a spear.
* * * LOW HITPOINT WARNING * * *
Unknown command.
It was a potion of brilliance.
You feel clever all of a sudden. You block the gnoll's attack.
The gnoll barely misses you.
The gnoll sergeant hits you with an enchanted spear.
You die...

.......
.......# ###
#......## #...
#......###?...
#......#......
#............
#%.....g.....
#....@gg.....
##...gg......
#...........
#......#....
.....#.## ...
......#.. #.
............
.............
........# .#..


You could see a gnoll sergeant and 4 gnolls.

Vanquished Creatures
  An ice beast (D:4)
  5 phantoms
  A centaur (D:4)
  A bullfrog (D:4)
  A water moccasin skeleton (D:4)
  3 crimson imps
  A centaur skeleton (D:4)
  2 orc wizards
  2 worker ants
  A worker ant zombie (D:5)
  5 adders
  An ooze (D:4)
  An adder skeleton (D:4)
  3 worms
  2 dart slugs
  4 leopard geckos
  18 orcs
  A giant cockroach (D:4)
  8 goblins
  3 hobgoblins
  7 jackals
  2 quokkas
  2 ball pythons
  10 bats
  5 frilled lizards
  2 jackal skeletons
  A jackal zombie (D:5)
  3 kobolds (D:1)
  4 rats
100 creatures vanquished.

Notes
Turn   | Place    | Note
-------+----------+-------------------------------------------
     0 | D:1      | RUZZLEFAZAZZLE the Human Fighter began the quest for the Orb.
     0 | D:1      | Reached XP level 1. HP: 18/18 MP: 1/1
   157 | D:1      | Reached XP level 2. HP: 24/24 MP: 2/2
   566 | D:1      | Reached XP level 3. HP: 27/29 MP: 3/3
  1405 | D:2      | Reached XP level 4. HP: 35/35 MP: 4/4
  2371 | D:3      | Reached XP level 5. HP: 40/42 MP: 5/5
  3038 | D:4      | Reached XP level 6. HP: 39/48 MP: 6/6
  3207 | D:4      | Noticed a phantom
  3331 | D:4      | Killed a phantom
  3331 | D:4      | Reached skill level 1 in Evocations
  3396 | D:4      | Reached XP level 7. HP: 7/55 MP: 7/7
  4147 | D:4      | Reached skill level 5 in Fighting
  4591 | D:4      | Reached skill level 5 in Armour
  4591 | D:4      | Reached XP level 8. HP: 57/62 MP: 9/9
  4602 | D:5      | Entered Level 5 of the Dungeon
  4749 | D:5      | Reached skill level 5 in Long Blades
  4780 | D:5      | Found Gozag's Platinum Reserve.
  4788 | D:5      | Found an opulent altar of Gozag.
  5126 | D:5      | Identified the Catalogue of Unstable Attacks
  5129 | D:5      | You fall through a shaft!
  5137 | D:6      | HP: 3/64 [gnoll/spear (2)]
  5138 | D:6      | Slain by a gnoll sergeant

Skill      XL: |  1  2  3  4  5  6  7  8 |
---------------+-------------------------+-----
Long Blades    | 3 4 5 |  5.3
Fighting       | 4 5 |  5.7
Armour         | 4 5 |  5.7
Evocations     | 1 2 |  2.4
Shields        | 4 |  4.4

Action                   |  1- 3 |  4- 6 |  7- 9 || total
-------------------------+-------+-------+-------++-------
Melee: Long sword        |   108 |   224 |   330 ||   662
Evoke: Wand              |       |       |     4 ||     4
  Use: Scroll            |     1 |     6 |       ||     7
       Potion            |       |     2 |     3 ||     5
  Eat: Meat ration       |     1 |       |     1 ||     2
       Chunk             |       |     3 |     2 ||     5
Armor: Scale mail        |    60 |    82 |       ||   142
       Skin              |       |    11 |       ||    11
       Plate armour      |       |       |   166 ||   166
Dodge: Dodged            |    47 |    53 |    47 ||   147
Block: Shield            |    52 |   108 |   151 ||   311
       Rpst.: Long sword |    11 |    16 |    17 ||    44
